 Dungeon Sprint DCSS version 0.30-a0-56-ge6a4009bfd (webtiles) character file.

Game seed: 4452712762233758309

256 mhtbhm the Geomancer (level 6, -1/32 HPs)
             Began as a Gargoyle Earth Elementalist on Sept 10, 2022.
             Was an Initiate of Vehumet.
             Killed from afar by a deep elf pyromancer (33 damage)
             ... with a bolt of fire
             ... in the Dungeon (Sprint III: "The Ten Rune Challenge").
             The game lasted 00:01:27 (707 turns).

mhtbhm the Geomancer (Gargoyle Earth Elementalist)   Turns: 707, Time: 00:01:28

Health: -1/32      AC:  8    Str: 12    XL:     6   Next: 16%
Magic:  16/17      EV: 12    Int: 17    God:    Vehumet [......]
Gold:   26         SH:  0    Dex: 10    Spells: 7/17 levels left

rFire   . . .      SeeInvis .    l - +3 quarterstaff (chaos)
rCold   . . .      Faith    .    (shield currently unavailable)
rNeg    + . .      Spirit   .    a - +0 robe
rPois   ∞          Reflect  .    (helmet restricted)
rElec   +          Harm     .    k - +0 cloak
rCorr   .          Rampage  .    h - +0 pair of gloves
Will    .....      NoTele   +    (no boots)
Stlth   +++.......               (no amulet)
HPRegen 0.10/turn                (no ring)
MPRegen 0.15/turn                (no ring)

@: no status effects
A: sickness immunity, AC +4, negative energy resistance 1, electricity
resistance, torment resistance 1, petrification resistance, horns 1, high MP 1
a: Renounce Religion


You were in the Dungeon.
You worshipped Vehumet.
Vehumet was noncommittal.
You visited 1 branch You collected 26 gold pieces.

Inventory:

Hand Weapons
 l - a +3 quarterstaff of chaos (weapon)
Armour
 a - a +0 robe (worn)
 h - a +0 pair of gloves (worn)
 k - a +0 cloak (worn)
Wands
 i - a wand of light (2)
Scrolls
 g - a scroll of blinking
 n - a scroll of torment {unknown}
 o - 4 scrolls of identify
 p - a scroll of poison {unknown}
Potions
 b - 3 potions of magic
 c - 2 potions of curing
 d - 2 potions of heal wounds
 e - a potion of haste
 f - a potion of berserk rage
 j - a potion of brilliance {unknown}
 q - a potion of resistance {unknown}
 r - a potion of flight {unknown}


   Skills:
 + Level 3.2 Dodging
 + Level 4.7 Stealth
 + Level 6.4 Spellcasting
 + Level 1.3 Conjurations
 + Level 0.9 Transmutations
 + Level 11.1 Earth Magic


You had 7 spell levels left.
You knew the following spells:

 Your Spells              Type           Power      Damage    Failure   Level
a - Sandblast             Erth           86%        2d18      1%          1
b - Passwall              Tmut/Erth      21%        N/A       1%          2
c - Stone Arrow           Conj/Erth      52%        3d10      2%          3
d - Petrify               Tmut/Erth      26%        N/A       11%         4

Your spell library contained the following spells:

 Spells                   Type           Power      Damage    Failure   Level
 Apportation              Tloc           10%        N/A       12%         1
 Necrotise                Necr           20%        1d5       12%         1
 Summon Small Mammal      Summ           20%        N/A       12%         1


Dungeon Overview and Level Annotations

Branches:
Dungeon (1/1)

Altars:
Dithmenos
Elyvilon
Kikubaaqudgha
Ru
Sif Muna
Vehumet
Yredelemnul
Zin
The Shining One


Innate Abilities, Weirdness & Mutations

You are immune to sickness and miasma.
Your stone body is resilient. (AC +4)
You are immune to poison.
You resist negative energy. (rN+)
You are resistant to electric shocks. (rElec)
You are resistant to unholy torment.
You are immune to petrification.
You have a pair of small horns on your head.
You have an increased reservoir of magic. (+10% MP)


Message History

The necromancer closely misses you.
Your Spellcasting skill increases to level 6!
Your Conjurations skill increases to level 1!
You have reached level 6!
Unknown command.
Casting: Sandblast (safe; 1% risk of failure)
Confirm with . or Enter, or press ? or * to list all spells.
Aiming: Sandblast (safe; 1% risk of failure)
Press: ? - help, Shift-Dir - straight line, f - necromancer
Aim: a necromancer, wielding a +0 dagger and wearing a +0 robe (79% to hit)
The blast of sand hits the necromancer!
You kill the necromancer!
Vehumet accepts your kill.
Your Earth Magic skill increases to level 11!
There is an open door here.
Things that are here:
a +0 dagger; a +0 robe; a necrophage corpse You now have 26 gold pieces (gained 9).
You start resting.
There is an open door here.
Things that are here:
a +0 dagger; a +0 robe; a necrophage corpse You start resting.
Magic restored.
You open the door.
A deep elf pyromancer comes into view.
It is wielding a +4 long sword of holy wrath.
Found a potion of heal wounds.
Found three altars.
Casting: Sandblast (safe; 1% risk of failure)
Confirm with . or Enter, or press ? or * to list all spells.
Aiming: Sandblast (safe; 1% risk of failure)
Press: ? - help, Shift-Dir - straight line, f - deep elf pyromancer
Aim: a deep elf pyromancer, wielding a +4 long sword of holy wrath (asleep, 100% to hit)
The blast of sand hits the deep elf pyromancer!
The deep elf pyromancer is moderately wounded.
The deep elf pyromancer mumbles some strange words.
The deep elf pyromancer blinks!
The deep elf pyromancer casts a spell at you.
The bolt of fire hits you!!
Ouch! That really hurt!
You die...

▓▓▓▓▓▓ ▓▓▓ '....♣♣
♣.#### #### #.....♣
♣.#___ #__# #.†..♣♣
♣.#§.. #._#
#....~♣♣♣♣♣.###'#+###)##
#...~~.♣.♣♣.#...@......#
#..~~~~♣.♣..'.⌠..e.....#
#..~≈≈~~~♣♣.#...######+#
#.~~≈~~~....#.⌠.#
#.~≈~~~.....#...#
#.~~~.......#'###
#...........#.).#
............#___#
▓▓▓▓▓▓▓▓▓▓▓▓▓▓▓▓▓


You could see a deep elf pyromancer.

Vanquished Creatures
  A water elemental (D)
  A necrophage (D)
  Crazy Yiuf (D)
  Jessica (D)
  A wizard (D)
  A necromancer (D)
  A human (D)
  A kobold demonologist (D)
  An endoplasm (D)
  2 rats (D)
11 creatures vanquished.

Vanquished Creatures (others)
  A plant (D)
1 creature vanquished.

Grand Total: 12 creatures vanquished

Notes
Turn   | Place    | Note
-------+----------+-------------------------------------------
     0 | D        | mhtbhm the Gargoyle Earth Elementalist began the quest for
                  | the Orb.
     0 | D        | Reached XP level 1. HP: 10/10 MP: 3/3
     3 | D        | Reached skill level 4 in Earth Magic
   126 | D        | Noticed Jessica
   127 | D        | Killed Jessica
   128 | D        | Reached skill level 6 in Earth Magic
   128 | D        | Reached XP level 2. HP: 15/15 MP: 3/6
   128 | D        | Reached XP level 3. HP: 19/19 MP: 3/7
   131 | D        | Learned a level 2 spell: Passwall
   135 | D        | Learned a level 3 spell: Stone Arrow
   196 | D        | Reached skill level 7 in Earth Magic
   320 | D        | Noticed Crazy Yiuf
   325 | D        | Killed Crazy Yiuf
   326 | D        | Reached skill level 8 in Earth Magic
   326 | D        | Reached XP level 4. HP: 24/24 MP: 3/10
   383 | D        | Gained mutation: You are partially covered in large bone
                  | plates. (SH +4) [potion of mutation]
   383 | D        | Gained mutation: Your body sometimes deteriorates upon
                  | taking damage. [potion of mutation]
   384 | D        | Lost mutation: Your body sometimes deteriorates upon taking
                  | damage. [potion of mutation]
   384 | D        | Lost mutation: You are partially covered in large bone
                  | plates. (SH +4) [potion of mutation]
   384 | D        | Gained mutation: You have a pair of small horns on your
                  | head. [potion of mutation]
   384 | D        | Gained mutation: You have an increased reservoir of magic.
                  | (+10% MP) [potion of mutation]
   401 | D        | Learned a level 4 spell: Petrify
   413 | D        | Noticed a water elemental
   417 | D        | Killed a water elemental
   418 | D        | Reached skill level 5 in Spellcasting
   418 | D        | Reached skill level 9 in Earth Magic
   418 | D        | Reached XP level 5. HP: 28/28 MP: 4/13
   595 | D        | Found a radiant altar of Vehumet.
   595 | D        | Found a shimmering blue altar of Sif Muna.
   595 | D        | Found an ancient bone altar of Kikubaaqudgha.
   598 | D        | Reached skill level 10 in Earth Magic
   604 | D        | Became a worshipper of Vehumet
   631 | D        | Found a basalt altar of Yredelemnul.
   631 | D        | Found a shadowy altar of Dithmenos.
   631 | D        | Found a sacrificial altar of Ru.
   635 | D        | Reached skill level 1 in Conjurations
   635 | D        | Reached XP level 6. HP: 32/32 MP: 7/16
   636 | D        | Reached skill level 11 in Earth Magic
   706 | D        | Found a glowing silver altar of Zin.
   706 | D        | Found a glowing golden altar of the Shining One.
   706 | D        | Found a white marble altar of Elyvilon.
   706 | D        | Noticed a deep elf pyromancer
   707 | D        | Killed from afar by a deep elf pyromancer

Illustrated notes

Levels and vault maps discovered:
D:        dungeon_sprint_mu [sprint_mu_entry_forest, sprint_mu_temple_rooms,
          sprint_mu_d1_horrors, sprint_mu_d2_genie, sprint_mu_d3_branching,
          sprint_mu_orc_legion, sprint_mu_elf_gauntlet, sprint_mu_hive_nellie,
          sprint_mu_lair_fedhas, sprint_mu_vaults_butterflies,
          sprint_mu_slime_circle, sprint_mu_swamp_cave, sprint_mu_shoals_archi,
          sprint_mu_blade_basic, sprint_mu_crypt_fortress,
          sprint_mu_tomb_spiral, sprint_mu_vestibule_basic,
          sprint_mu_gehenna_hellfire, sprint_mu_dis_giant,
          sprint_mu_tartarus_statrot, sprint_mu_cocytus_islands, sprint_mu_zot1]

Skill      XL: |  1  2  3  4  5  6 |
---------------+-------------------+-----
Earth Magic    | 6 8 9 10 11 | 11.1
Dodging        | 2 3 |  3.2
Stealth        | 3 4 |  4.7
Spellcasting   | 3 4 5 6 |  6.4
Conjurations   | 1 |  1.3
Transmutations | |  0.9

Action                   |  1- 3 |  4- 6 || total
-------------------------+-------+-------++-------
 Cast: Sandblast         |    10 |     6 ||    16
       Stone Arrow       |     2 |     4 ||     6
  Use: Potion            |       |     2 ||     2
Armor: Robe              |     2 |     1 ||     3
Dodge: Dodged            |     2 |     2 ||     4

Table legend: (Time is in decaauts)
 A = Elapsed time spent in this place.
 B = Non-inter-level travel time spent in this place.
 C = Inter-level travel time spent in this place.
 D = Time resting spent in this place.
 E = Time spent auto-exploring this place.
 F = Levels seen in this place.
 G = Mean time per level.
                   A        B        C        D        E       F      G
               +--------+--------+--------+--------+--------+-----+--------+
         Total |    717 |    717 |      0 |    522 |      1 |   1 |  717.0 |
       Dungeon |    717 |    717 |      0 |    522 |      1 |   1 |  717.0 |
               +--------+--------+--------+--------+--------+-----+--------+

Top non-repeatable levels by time:
       D: 717 daAuts
